[Event "Early-Titled-Tuesday-Blitz-May-14-2024"]
[Site "Chess.com"]
[Date "2024.05.14"]
[Round "2"]
[White "nabukatnezarr"]
[Black "ItsCheckM8Mate"]
[Result "1-0"]
[WhiteElo "2603"]
[BlackElo "2355"]
[TimeControl "180+1"]
[EndTime "8:17:25 PDT"]
[Termination "nabukatnezarr won by resignation"]

1. b3 e5 2. Bb2 Nc6 3. e3 Nf6 4. Bb5 Bd6 5. Ne2 O-O 6. Ng3 Re8 7. d3 a6 8. Bxc6 dxc6 9. e4 Bc5 10. h3 a5 11. a4 Bb4+ 12. Nd2 b6 13. O-O h6 14.
Nc4 Bd6 15. Qf3 Nh7 16. Rae1 Qf6 17. Qe2 Bc5 18. Kh2 b5 19. Ne3 Qg6 20. Nef5 Be6 21. Bxe5 Bxf5 22. exf5 Qg5 23. Qh5 f6 24. Bxc7 Rxe1 25.
Rxe1 Qxh5 26. Nxh5 Bxf2 27. Re7 Bc5 28. Rxg7+ Kh8 29.
Rg6 Rc8 30. Bxa5 1-0

[Event "Early-Titled-Tuesday-Blitz-May-14-2024"]
[Site "Chess.com"]
[Date "2024.05.14"]
[Round "2"]
[White "abelmat"]
[Black "tgpgoat"]
[Result "0-1"]
[WhiteElo "2004"]
[BlackElo "2454"]
[TimeControl "180+1"]
[EndTime "8:17:25 PDT"]
[Termination "tgpgoat won by resignation"]

1. d4 Nf6 2. c4 c5 3. Nf3 cxd4 4. Nxd4 Nc6 5. g3 g6 6. Bg2 Bg7 7. O-O O-O 8. Nc3 d6 9. Nxc6 bxc6 10. Bxc6 Bh3 11. Bg2 Bxg2 12. Kxg2 Rc8 13. Qd3 Qc7 14.
Nd5 Nxd5 15. cxd5 Qc2 16. Qxc2 Rxc2 17. Bg5 Bxb2 18. Rab1 f6 19. Be3 a5 20. a4 Rfc8 21. Bb6 R8c4 22. Bxa5 Rxa4 23. Bd8 Kf7 24. e3 Ra8 25. Bb6 Rac8 26. Bd4 Bxd4 27. exd4 R8c7 28. Rfe1 Rd2 29. Re4 f5 30. Re2 Rxe2 31. Kf3 Rcc2 0-1

[Event "Early-Titled-Tuesday-Blitz-May-14-2024"]
[Site "Chess.com"]
[Date "2024.05.14"]
[Round "2"]
[White "Artemiki"]
[Black "Matols"]
[Result "1-0"]
[WhiteElo "2595"]
[BlackElo "2358"]
[TimeControl "180+1"]
[EndTime "8:17:27 PDT"]
[Termination "Artemiki won by resignation"]

1. e4 c6 2. d4 d5 3. e5 c5 4.
Nf3 Nc6 5. dxc5 e6 6. c4 Bxc5 7. cxd5 Qxd5 8. Nc3 Qxd1+ 9. Nxd1 Nge7 10. Be3 Bb4+ 11. Bd2 Bxd2+ 12. Kxd2 Ng6 13. Bb5 O-O 14. Bxc6 bxc6 15. Ne3 Rd8+ 16. Kc3 Nf4 17. Rhd1 Ba6 18.
g3 Nd5+ 19. Nxd5 cxd5 20. Nd4 Rdc8+ 21. Kd2 Kf8 22. Rac1 Ke7 23. Rxc8 Rxc8 24. Rc1 Rxc1 25. Kxc1 f6 26. f4 g5 27. Kd2 h5 28. exf6+ Kxf6 29.
fxg5+ Kxg5 30. Nxe6+ Kg4 31. Nf4 Kf3 32. Nxd5 Kg2 33.
Nf4+ Kxh2 34. Nxh5 Bc8 35. Ke3 Bg4 36. Nf6 Kxg3 37.
Nxg4 Kxg4 38. Ke4 Kg5 39. Kd5 Kf4 40. Kc6 Ke3 41. Kb7 a5 42. Ka6 a4 43. Ka5 a3 44.
bxa3 Kd4 45. Kb6 1-0

[Event "Early-Titled-Tuesday-Blitz-May-14-2024"]
[Site "Chess.com"]
[Date "2024.05.14"]
[Round "2"]
[White "KatakuriDono"]
[Black "noblerone"]
[Result "1-0"]
[WhiteElo "2316"]
[BlackElo "2518"]
[TimeControl "180+1"]
[EndTime "8:17:30 PDT"]
[Termination "KatakuriDono won by checkmate"]

1. d4 d5 2. c4 c6 3. Nc3 Nf6 4. cxd5 cxd5 5. Bg5 Ne4 6. Nxe4 dxe4 7. a3 Qa5+ 8. Qd2 Qxd2+ 9. Kxd2 Nc6 10. e3 a6 11. Ne2 e5 12. d5 Na5 13. Rd1 Bg4 14.
h3 Bd7 15. Nc3 f5 16. b4 h6 17. Bh4 g5 18. Bg3 f4 19. Bh2 Rc8 20. bxa5 Bxa3 21. Rb1 O-O 22. exf4 exf4 23. Nxe4 Bf5 24. Bd3 Rfd8 25.
Nf6+ Kf7 26. Bxf5 Rc5 27. Rxb7+ Kxf6 28. Be6 Rxa5 29. Rhb1 Bd6 30. Rf7+ Ke5 31. Rf5+ Kd4 32. Bg1 Ra2+ 33. Kd1 Kc3 34. f3 a5 35. Rc1+ Kd3 36.
Rb1 Bb4 37. Rb3+ Kc4 38. d6# 1-0

[Event "Early-Titled-Tuesday-Blitz-May-14-2024"]
[Site "Chess.com"]
[Date "2024.05.14"]
[Round "2"]
[White "Saxar85"]
[Black "viktorgen2021"]
[Result "1-0"]
[WhiteElo "2772"]
[BlackElo "2493"]
[TimeControl "180+1"]
[EndTime "8:17:31 PDT"]
[Termination "Saxar85 won by resignation"]

1. Nf3 Nf6 2. g3 g6 3. b3 Bg7 4.
Bb2 d6 5. d4 O-O 6. Bg2 Nc6 7.
O-O e5 8. dxe5 Ng4 9. Qc1 Ncxe5 10. Nxe5 Bxe5 11. Bxe5 dxe5 12. c4 c6 13. Nc3 Kg7 14. h3 Nh6 15. Qa3 Be6 16. Rad1 Qc8 17. Qc5 Bxh3 18. Qxe5+ f6 19. Qf4 Bxg2 20. Kxg2 Qe6 21.
Rd6 Qe5 22. Qxe5 fxe5 23. Rfd1 Rf7 24. Ne4 Nf5 25. Rd7 Nd4 26. Rxf7+ Kxf7 27. e3 Nf5 28. Rd7+ Ke6 29. Rxb7 Rd8 30. Rxh7 a5 31. Ra7 Ne7 32.
Rxa5 Kf5 33. Kf3 Rf8 34. g4+ Ke6+ 35. Ke2 Rh8 36. Ra7 Rh4 37. Kf3 Rh3+ 38. Kg2 Rh4 39. f3 Rh7 40. Ng5+ 1-0

[Event "Early-Titled-Tuesday-Blitz-May-14-2024"]
[Site "Chess.com"]
[Date "2024.05.14"]
[Round "2"]
[White "frederiksvane"]
[Black "Sanyura"]
[Result "1-0"]
[WhiteElo "2971"]
[BlackElo "2642"]
[TimeControl "180+1"]
[EndTime "8:17:32 PDT"]
[Termination "frederiksvane won on time"]

1. e3 g5 2. d4 Bg7 3. c4 c5 4. d5 d6 5. Nc3 Bf5 6. Nge2 Nd7 7. e4 Bg6 8. Bxg5 Ne5 9. Nf4 a6 10.
Be2 Nf6 11. Nxg6 Nxg6 12. O-O h5 13. Rb1 Kf8 14. Qd2 Qa5 15. a3 b5 16. cxb5 axb5 17. b4 Qxa3 18. Nxb5 Qa2 19. Qxa2 Rxa2 20. Nc3 Rc2 21. bxc5 Rxc3 22. Rb8+ Ne8 23. Bb5 Bd4 24. Rxe8+ Kg7 25. Rxh8 Kxh8 26. c6 Kg7 27. Rc1 Rxc1+ 28.
Bxc1 Bb6 29. Be3 Bc7 30. f4 e6 31. Kf2 Ne7 32. Bc4 f5 33. Kf3 Kg6 34. dxe6 fxe4+ 35. Kxe4 1-0

[Event "Early-Titled-Tuesday-Blitz-May-14-2024"]
[Site "Chess.com"]
[Date "2024.05.14"]
[Round "2"]
[White "DucksParadise"]
[Black "SAInt_666"]
[Result "0-1"]
[WhiteElo "2547"]
[BlackElo "2789"]
[TimeControl "180+1"]
[EndTime "8:17:32 PDT"]
[Termination "SAInt_666 won by resignation"]

1. d4 Nf6 2. Nf3 d5 3. Bf4 e6 4.
Nbd2 Bd6 5. e3 O-O 6. c3 c5 7. Bg3 Qc7 8. Ne5 Nc6 9. f4 Ne7 10. Bd3 Nf5 11. Bf2 Be7 12. g4 Nd6 13. g5 Nfe4 14.
Qf3 Nxd2 15. Kxd2 c4 16. Bc2 b5 17. Rhg1 Bb7 18. Bxh7+ Kxh7 19. Qh5+ Kg8 20. g6 Ne4+ 21. Ke2 fxg6 22. Qxg6 Bf6 23. Bh4 Bxe5 24. dxe5 Qf7 25.
Qg2 Qh5+ 26. Kf1 Rf7 27. Bf6 Nxf6 28. exf6 d4 29. e4 Qh6 30. Ke2 Qxf4 31. cxd4 Bxe4 0-1

[Event "Early-Titled-Tuesday-Blitz-May-14-2024"]
[Site "Chess.com"]
[Date "2024.05.14"]
[Round "2"]
[White "JanMur7"]
[Black "ArtemDyachuk"]
[Result "0-1"]
[WhiteElo "2287"]
[BlackElo "2705"]
[TimeControl "180+1"]
[EndTime "8:17:32 PDT"]
[Termination "ArtemDyachuk won by checkmate"]

1. c4 e5 2. Nc3 Nf6 3. Nf3 e4 4. Ng5 c6 5. Ngxe4 Nxe4 6. Nxe4 d5 7. cxd5 cxd5 8. Nc3 d4 9. Nb1 Nc6 10. d3 Bf5 11. g3 Qd5 12. Rg1 O-O-O 13. Bg2 Qe6 14. Bf4 h6 15. h4 g5 16. hxg5 hxg5 17. Bxg5 Re8 18. Nd2 Bxd3 19. Bf3 Ba6 20. Rc1 Kb8 21. a3 Ka8 22. b4 Ne5 23. Be4 f5 24. Bb1 Bxe2 25.
Qa4 Nd3+ 26. Bxd3 Bxd3+ 27. Be3 dxe3 28. Qxe8+ Qxe8 29. Nf3 exf2+ 30. Kxf2 Qe2# 0-1

[Event "Early-Titled-Tuesday-Blitz-May-14-2024"]
[Site "Chess.com"]
[Date "2024.05.14"]
[Round "2"]
[White "catalin009"]
[Black "ferdipy"]
[Result "0-1"]
[WhiteElo "2516"]
[BlackElo "2313"]
[TimeControl "180+1"]
[EndTime "8:17:33 PDT"]
[Termination "ferdipy won by resignation"]

1. e4 e6 2. d4 d5 3. Nc3 Bb4 4. e5 c5 5. a3 Bxc3+ 6. bxc3 Ne7 7. Qg4 Qc7 8. Qxg7 Rg8 9. Qxh7 cxd4 10. Ne2 Nbc6 11.
f4 dxc3 12. Qd3 Bd7 13. Ng3 O-O-O 14. Be2 d4 15. Bf3 Nf5 16. Nxf5 exf5 17. O-O Be6 18. Rb1 Na5 19. Rb4 Nc6 20. Rb5 a6 21. Rc5 Qb6 22. Rxc6+ bxc6 23. a4 c5 24. Ba3 c4 25. Qd1 Bd5 26.
a5 Qc6 27. Bd6 Bxf3 28. Rxf3 Qe4 29. Qb1 Rxd6 30. exd6 Qxf3 31. d7+ Kxd7 0-1

[Event "Early-Titled-Tuesday-Blitz-May-14-2024"]
[Site "Chess.com"]
[Date "2024.05.14"]
[Round "2"]
[White "Anton_Demchenko"]
[Black "KINGOF2SOAP"]
[Result "1-0"]
[WhiteElo "2857"]
[BlackElo "2427"]
[TimeControl "180+1"]
[EndTime "8:17:34 PDT"]
[Termination "Anton_Demchenko won by checkmate"]

1. e4 d5 2. exd5 Qxd5 3. Nc3 Qd6 4. g3 Nf6 5. Bg2 a6 6. Nge2 Nc6 7. d4 Bf5 8. Bf4 Qd7 9. O-O h5 10. d5 Na7 11. Re1 h4 12. Nd4 Bh3 13. Ne6 Bxg2 14. Nxc7+ Kd8 15. Nxa8 hxg3 16. Bc7+ Ke8 17. Bxg3 Qh3 18.
d6 e6 19. f3 Nc6 20. Qe2 Kd7 21. Nb6+ Kd8 22. Qxg2 Qxg2+ 23. Kxg2 Nh5 24. Rad1 Nxg3 25.
hxg3 Nb4 26. Ne4 Nxc2 27. Rc1 Nb4 28. Rc8# 1-0

[Event "Early-Titled-Tuesday-Blitz-May-14-2024"]
[Site "Chess.com"]
[Date "2024.05.14"]
[Round "2"]
[White "Darko-Dimitrijevic"]
[Black "kanzaww"]
[Result "1/2-1/2"]
[WhiteElo "2218"]
[BlackElo "2487"]
[TimeControl "180+1"]
[EndTime "8:17:35 PDT"]
[Termination "Game drawn by repetition"]

1. c4 e6 2. b3 Nf6 3. Bb2 d5 4. g3 c5 5. Bg2 Nc6 6. Nc3 d4 7. Ne4 Nxe4 8. Bxe4 Qc7 9. Rb1 Be7 10. Bg2 O-O 11. Nf3 e5 12. d3 f5 13. O-O Be6 14.
a3 Bf6 15. Nd2 Rae8 16. Qc2 h5 17. Ba1 h4 18. b4 b6 19. Qa4 Nd8 20. Rfe1 hxg3 21.
hxg3 Bd7 22. Qc2 Bc6 23. e4 dxe3 24. fxe3 Bxg2 25. Kxg2 e4 26. dxe4 fxe4 27. Rh1 Bxa1 28. Rxa1 Nf7 29. Raf1 Ng5 30. Rxf8+ Rxf8 31. Rh5 Nf3 32.
Qxe4 Ne1+ 33. Kh3 Qd7+ 34. g4 Qxd2 35. Qe6+ Rf7 36. Qe8+ Rf8 37. Qe6+ Rf7 38. Qe8+ Rf8 39. Qe6+ 1/2-1/2

[Event "Early-Titled-Tuesday-Blitz-May-14-2024"]
[Site "Chess.com"]
[Date "2024.05.14"]
[Round "2"]
[White "Adar_07"]
[Black "David_George21"]
[Result "1-0"]
[WhiteElo "2731"]
[BlackElo "2375"]
[TimeControl "180+1"]
[EndTime "8:17:36 PDT"]
[Termination "Adar_07 won on time"]

1. d4 Nf6 2. Nf3 e6 3. Bg5 Be7 4. Nc3 d5 5. Bxf6 Bxf6 6. e4 dxe4 7. Nxe4 Be7 8. Bd3 b6 9. Ne5 Bb7 10. Qf3 O-O 11. O-O-O Qxd4 12. Qf4 Bxe4 13. Bxe4 Bg5 14. Bxh7+ Kxh7 15. Qxg5 Qe4 16. Nxf7 Rxf7 17. Qh5+ Kg8 18. Rd8+ Rf8 19. Rxf8+ Kxf8 20. Rd1 Nc6 21. Qh8+ Kf7 22. Qxa8 Qf4+ 23. Kb1 Ne7 24. Qf3 Qxf3 25. gxf3 Nd5 26. c4 Nf6 27. Rd8 e5 28. Rc8 Ne8 29. Ra8 a5 30. c5 Ke7 31. cxb6 cxb6 32. Ra6 Nd6 33. Rxb6 Nf5 34. Rb5 Nd4 35. Rxe5+ Kf6 36. Rxa5 Nxf3 37. h3 Nh2 38. Ra4 Nf1 39. Kc2 Nh2 40. Kd3 g5 41. Ke2 Kf5 42. b4 g4 43. b5 Nf3 44.
hxg4+ 1-0

[Event "Early-Titled-Tuesday-Blitz-May-14-2024"]
[Site "Chess.com"]
[Date "2024.05.14"]
[Round "2"]
[White "juancruzarias"]
[Black "BeautiFullMindChess"]
[Result "0-1"]
[WhiteElo "2689"]
[BlackElo "2300"]
[TimeControl "180+1"]
[EndTime "8:17:36 PDT"]
[Termination "BeautiFullMindChess won by resignation"]

1. d4 Nf6 2. c4 g6 3. Nc3 Bg7 4. g3 d6 5. Bg2 O-O 6. e3 c6 7. Nge2 h5 8. h3 Nbd7 9. b3 e5 10. Ba3 exd4 11. Qxd4 Nd5 12. Qd2 Nxc3 13. Nxc3 Nc5 14.
O-O Qf6 15. Bb2 Bf5 16. Na4 Qe7 17. Bxg7 Kxg7 18. Nxc5 dxc5 19. Rad1 Rfd8 20. Qc3+ Qf6 21. Qxf6+ Kxf6 22. f4 Bc2 23. Rc1 Rd2 24. Rf2 Rad8 25. Rcf1 Rxf2 26. Rxf2 Rd1+ 27. Kh2 Bd3 28. e4 Ra1 29. g4 h4 30. e5+ Ke7 31. f5 gxf5 32. gxf5 Bb1 33. a4 Ra2 34. Kg1 Rxf2 35. Kxf2 Bxf5 36.
Ke3 Bc2 37. a5 Bxb3 38. Kd3 Kd7 39. a6 b6 40. Bf3 b5 41. Bg4+ Ke7 42. cxb5 cxb5 43.
Bf3 Ke6 44. Ke4 Bd5+ 0-1

[Event "Early-Titled-Tuesday-Blitz-May-14-2024"]
[Site "Chess.com"]
[Date "2024.05.14"]
[Round "2"]
[White "MrLion3000"]
[Black "Schattman"]
[Result "1/2-1/2"]
[WhiteElo "2768"]
[BlackElo "2554"]
[TimeControl "180+1"]
[EndTime "8:17:37 PDT"]
[Termination "Game drawn by repetition"]

1. d4 Nf6 2. c4 g6 3. Nc3 d5 4. cxd5 Nxd5 5. e4 Nxc3 6. bxc3 Bg7 7. Nf3 c5 8. Bb5+ Nc6 9. O-O O-O 10. Bxc6 bxc6 11.
Qc2 Qa5 12. a4 cxd4 13. cxd4 c5 14. Bd2 Qc7 15. Rac1 Ba6 16. Rfe1 c4 17. Bc3 e6 18. d5 Bxc3 19. Qxc3 exd5 20. exd5 Qf4 21. Rcd1 Rfd8 22.
Rd4 Qf6 23. Red1 Rab8 24. Rxc4 Qxc3 25. Rxc3 Rb4 26. Re3 Rxa4 27. h4 Bb7 28. d6 Bxf3 29. Rxf3 Rd7 30. g3 Ra6 31. Rfd3 f5 32. Kg2 Kf7 33.
Kf3 Ke6 34. Re1+ Kf7 35. Red1 Ke6 36. Re1+ Kf7 37. Red1 1/2-1/2

[Event "Early-Titled-Tuesday-Blitz-May-14-2024"]
[Site "Chess.com"]
[Date "2024.05.14"]
[Round "2"]
[White "Der_Balak_3Halak"]
[Black "DenisQ"]
[Result "1-0"]
[WhiteElo "2382"]
[BlackElo "2714"]
[TimeControl "180+1"]
[EndTime "8:17:37 PDT"]
[Termination "Der_Balak_3Halak won by resignation"]

1. e4 c6 2. d4 d5 3. exd5 cxd5 4. Nf3 Nc6 5. Bb5 Bg4 6. Bf4 e6 7. O-O Bd6 8. Bxd6 Qxd6 9. h3 Bxf3 10. Qxf3 Nf6 11. c3 O-O 12. Nd2 a6 13. Bd3 b5 14.
Qe2 b4 15. Nb3 a5 16. Nc5 Nd7 17. Nxd7 Qxd7 18. h4 Rfc8 19. Qh5 g6 20. Qg4 bxc3 21. bxc3 Ne7 22. Rac1 Rc7 23. h5 Rac8 24. Ba6 Rb8 25. g3 Nf5 26. Bd3 Rb2 27. Bxf5 exf5 28. Qf4 Rxa2 29. Rfe1 Rc8 30. Rb1 Rc2 31. h6 f6 32.
Rb6 Re8 33. Rxe8+ Qxe8 34. Rb8 1-0

[Event "Early-Titled-Tuesday-Blitz-May-14-2024"]
[Site "Chess.com"]
[Date "2024.05.14"]
[Round "2"]
[White "crazy_but_lazy"]
[Black "Hikaru"]
[Result "0-1"]
[WhiteElo "2675"]
[BlackElo "3205"]
[TimeControl "180+1"]
[EndTime "8:17:38 PDT"]
[Termination "Hikaru won by resignation"]

1. Nf3 g6 2. d4 Bg7 3. e4 c6 4. h3 d5 5. e5 c5 6. c3 Nc6 7.
Be2 cxd4 8. cxd4 f6 9. exf6 Nxf6 10. O-O O-O 11. Nc3 e6 12. Re1 Ne4 13. Bd3 Nxf2 14.
Kxf2 Qh4+ 15. Kg1 Rxf3 16. Qxf3 Qxe1+ 17. Kh2 Nxd4 18. Qg3 Be5 19. Bf4 Qxg3+ 20. Bxg3 Bxg3+ 21. Kxg3 Kf7 22. Rf1+ Ke7 23. Kf4 Bd7 24. Kg5 Nf5 25. g4 Ne3 26. Rf3 d4 27. Ne4 Bc6 28. Kh6 Nf5+ 29. Kxh7 Nd6 30. Rf4 Bxe4 31. Bxe4 e5 0-1

[Event "Early-Titled-Tuesday-Blitz-May-14-2024"]
[Site "Chess.com"]
[Date "2024.05.14"]
[Round "2"]
[White "EvgenyBurmakin"]
[Black "SayonaraPonytail"]
[Result "0-1"]
[WhiteElo "2339"]
[BlackElo "2555"]
[TimeControl "180+1"]
[EndTime "8:17:38 PDT"]
[Termination "SayonaraPonytail won on time"]

1. e4 c6 2. Nc3 d5 3. Nf3 g6 4.
d4 Bg7 5. h3 Nf6 6. Bd3 dxe4 7.
Nxe4 O-O 8. Qe2 Nbd7 9. Bg5 h6 10.
Bd2 Nb6 11. O-O-O Be6 12. Kb1 Nxe4 13. Bxe4 a5 14. a3 Bc4 15. Bd3 Qd5 16. Rhe1 e6 17. Bc1 a4 18. Qe4 Qb5 19. Ne5 Bxd3 20. Rxd3 Rad8 21.
Red1 Rd5 22. f4 Rfd8 23. g4 Qa6 24. f5 exf5 25. gxf5 g5 26. Nxf7 Rf8 27. Ne5 Nc8 28. Rf3 Nd6 29. Qg4 Bxe5 30. dxe5 Rxd1 31. exd6 Qb5 32. f6 Rxd6 33. f7+ Rxf7 34. Qc8+ Kg7 35. Rxf7+ Kxf7 36. Qc7+ Ke6 37. Qc8+ Rd7 38. Qg8+ Kd6 39. Qg6+ Kc7 40. Qxh6 Rd5 41. Qg7+ Kb6 42. Qf6 Qe2 43.
Bxg5 Rd1+ 44. Bc1 Qd2 0-1

[Event "Early-Titled-Tuesday-Blitz-May-14-2024"]
[Site "Chess.com"]
[Date "2024.05.14"]
[Round "2"]
[White "Likvidator228"]
[Black "Nikita_Klepikov"]
[Result "1-0"]
[WhiteElo "2547"]
[BlackElo "2324"]
[TimeControl "180+1"]
[EndTime "8:17:38 PDT"]
[Termination "Likvidator228 won on time"]

1. d4 Nf6 2. Nf3 g6 3. Bf4 Bg7 4. e3 c5 5. c3 b6 6. Nbd2 Bb7 7. h3 O-O 8. a4 d6 9. Bc4 Nc6 10. O-O Re8 11. Bg3 cxd4 12. exd4 e5 13. dxe5 Nxe5 14. Be2 Nh5 15. Bh2 Nf6 16. Nd4 Qe7 17. N2f3 h5 18. Re1 Ne4 19. a5 Rad8 20. axb6 axb6 21. Qb3 Nc5 22.
Qxb6 Nxf3+ 23. Nxf3 Bxf3 24. gxf3 Qh4 25. Bf1 Rc8 26.
Qxd6 Ne6 27. Ra7 Ng5 28. Rxe8+ Rxe8 29. Qg3 1-0

[Event "Early-Titled-Tuesday-Blitz-May-14-2024"]
[Site "Chess.com"]
[Date "2024.05.14"]
[Round "2"]
[White "Agibileg"]
[Black "FoggyMorning"]
[Result "1-0"]
[WhiteElo "2905"]
[BlackElo "2609"]
[TimeControl "180+1"]
[EndTime "8:17:39 PDT"]
[Termination "Agibileg won by resignation"]

1. d4 Nf6 2. c4 e6 3. Nc3 Bb4 4. a3 Bxc3+ 5. bxc3 Nc6 6. f3 b6 7.
e4 d6 8. Bd3 Na5 9. f4 Bb7 10.
Qe2 Qd7 11. Nf3 O-O-O 12. O-O Kb8 13. Nd2 e5 14. fxe5 dxe5 15. d5 Qd6 16. a4 c5 17.
Rb1 Qd7 18. Nb3 Qxa4 19. Nxa5 Qxa5 20. Bg5 Rd6 21. Qc2 b5 22. Rxb5 Qc7 23. Be3 Nd7 24. Rxf7 Qd8 25. Bxc5 Nxc5 26. Rxc5 Qb6 27. Qf2 Rf6 28.
Rxf6 gxf6 29. Rb5 Qxf2+ 30. Kxf2 Ka8 31. c5 Ba6 32. c4 Bxb5 33. cxb5 Kb7 34. d6 a6 35. Bc4 axb5 36. Bxb5 Ra8 37. Kf3 Ra5 38. c6+ Kb6 39. c7 Ra8 40. Bd7 Kb7 41. Kg4 Rg8+ 42.
Kf5 Rf8 43. c8=Q+ Rxc8 44. Bxc8+ Kxc8 45. Kxf6 h5 46. Kxe5 Kd7 47. Kd5 h4 48. e5 h3 1-0

[Event "Early-Titled-Tuesday-Blitz-May-14-2024"]
[Site "Chess.com"]
[Date "2024.05.14"]
[Round "2"]
[White "jup1978"]
[Black "PattyCastillo"]
[Result "1-0"]
[WhiteElo "2464"]
[BlackElo "2072"]
[TimeControl "180+1"]
[EndTime "8:17:39 PDT"]
[Termination "jup1978 won on time"]

1. d4 d5 2. Nf3 Nf6 3. c4 c6 4.
cxd5 cxd5 5. Nc3 Nc6 6. Bf4 a6 7. Rc1 Bf5 8. e3 e6 9. Qb3 Na5 10. Qa4+ Nc6 11. Ne5 Rc8 12. Bxa6 bxa6 13. Nxc6 Qd7 14.
Nd1 a5 15. Qxa5 Bd6 16. Ne5 Bxe5 17. Rxc8+ Qxc8 18. Qa4+ Qd7 19. Qxd7+ Nxd7 20. Bxe5 Nxe5 21. dxe5 O-O 22. Kd2 Rb8 23. b3 Bb1 24. Nc3 Bg6 25.
Rc1 h5 26. h4 Kf8 27. Na4 Be4 28. f3 Bf5 29. Rc7 Ke8 30. Nc5 Ra8 31. a4 g6 32. Kc3 Bb1 33. b4 1-0

[Event "Early-Titled-Tuesday-Blitz-May-14-2024"]
[Site "Chess.com"]
[Date "2024.05.14"]
[Round "2"]
[White "dianamirza"]
[Black "PlotnikovPavel"]
[Result "0-1"]
[WhiteElo "1943"]
[BlackElo "2450"]
[TimeControl "180+1"]
[EndTime "8:17:39 PDT"]
[Termination "PlotnikovPavel won by checkmate"]

1. d4 Nf6 2. c4 g6 3. Nc3 Bg7 4. Nf3 O-O 5. e4 d6 6. h4 Bg4 7. Be2 e5 8. d5 Na6 9. Bg5 Nc5 10. Bxf6 Qxf6 11. Qd2 Qf4 12. Qxf4 exf4 13. Nd2 Bd7 14. h5 Rfe8 15. hxg6 hxg6 16. f3 f5 17. O-O-O Re7 18. b4 Bxc3 19. bxc5 dxc5 20. Nb1 Bd4 21. Bd3 Rf8 22. Rh6 Kg7 23. Rdh1 Kf6 24. exf5 Bxf5 25. Bxf5 Kxf5 26. Nd2 Rfe8 27. Ne4 Rxe4 28. fxe4+ Rxe4 29. Kd2 Be5 30. Re1 Rd4+ 31. Kc2 Rxc4+ 32. Kb3 Rb4+ 33. Ka3 Bb2# 0-1

[Event "Early-Titled-Tuesday-Blitz-May-14-2024"]
[Site "Chess.com"]
[Date "2024.05.14"]
[Round "2"]
[White "BelyakovBogdan"]
[Black "Szparu"]
[Result "0-1"]
[WhiteElo "2592"]
[BlackElo "2860"]
[TimeControl "180+1"]
[EndTime "8:17:41 PDT"]
[Termination "Szparu won by resignation"]

1. e4 c5 2. Nf3 a6 3. g3 b5 4. Bg2 Bb7 5. d4 cxd4 6. Nxd4 e6 7. O-O Nc6 8. Nc3 Rc8 9. Re1 Nge7 10. Bg5 Qb6 11. Be3 Nxd4 12. Bxd4 Qc7 13. Rc1 Nc6 14. Nd5 Qb8 15. Be3 Ne5 16. Bf4 Bd6 17. Nb6 Rd8 18. Qd4 Bc7 19. c4 b4 20. c5 O-O 21.
Rcd1 a5 22. h3 Bc6 23. Be3 Ng6 24. Nc4 f5 25. exf5 Bxg2 26. Kxg2 Rxf5 27. Nd6 Rd5 28. Qe4 Re5 29. Qd4 Qa8+ 30. Kg1 Rd5 31. Qe4 Bxd6 32.
cxd6 Rxd1 0-1

[Event "Early-Titled-Tuesday-Blitz-May-14-2024"]
[Site "Chess.com"]
[Date "2024.05.14"]
[Round "2"]
[White "Alexchess1984"]
[Black "Resourchess"]
[Result "1/2-1/2"]
[WhiteElo "2688"]
[BlackElo "2422"]
[TimeControl "180+1"]
[EndTime "8:17:41 PDT"]
[Termination "Game drawn by repetition"]

1. e4 d6 2. d4 g6 3. Nc3 Bg7 4. h4 h5 5. Be2 a6 6. Be3 b5 7. Nh3 Bxh3 8. Rxh3 Nd7 9. f3 Rc8 10. d5 Ngf6 11. a3 c5 12. dxc6 Rxc6 13. Qd2 Qc7 14.
Kf1 Ne5 15. Rd1 Nc4 16. Bxc4 Rxc4 17. Kg1 O-O 18. Bh6 Kh7 19. Bxg7 Kxg7 20. Rg3 d5 21. Rg5 dxe4 22. fxe4 Nxe4 23. Nxe4 Rxe4 24. c3 Qb6+ 25. Qf2 Qxf2+ 26. Kxf2 Rxh4 27. Rd7 Rf4+ 28. Ke3 Rf6 29. Rc5 Re6+ 30. Kf2 Rh8 31. Rcc7 Kf6 32. b3 h4 33. Rd3 Rh5 34. Ra7 Rf5+ 35. Kg1 g5 36. Rd4 Re1+ 37. Kh2 Rff1 38. Rxa6+ e6 39. Kh3 Kf5 40. g4+ hxg3 41.
Kxg3 Rg1+ 42. Kf2 Rgf1+ 43. Kg2 Rg1+ 44. Kf2 Rgf1+ 45. Kg2 Rg1+ 46. Kf2 1/2-1/2

[Event "Early-Titled-Tuesday-Blitz-May-14-2024"]
[Site "Chess.com"]
[Date "2024.05.14"]
[Round "2"]
[White "GambitGiesbergen"]
[Black "ACollins05"]
[Result "0-1"]
[WhiteElo "2311"]
[BlackElo "2540"]
[TimeControl "180+1"]
[EndTime "8:17:41 PDT"]
[Termination "ACollins05 won by resignation"]

1. d4 b5 2. e4 a6 3. Nd2 Bb7 4. Bd3 e6 5. Ngf3 c5 6. c3 Nf6 7.
O-O Be7 8. Qe2 d6 9. a4 c4 10.
Bc2 Nbd7 11. Re1 O-O 12. Nf1 Re8 13. Ng3 Qc7 14. Bd2 e5 15. h3 Bf8 16. Nh2 g6 17. d5 Bg7 18. Ng4 Nxg4 19. hxg4 Nc5 20. Kh2 Qe7 21. Rh1 Bf6 22. Kg1 Bg5 23. Be3 Bxe3 24.
Qxe3 Qf6 25. Qh6 Qg7 26. Qh4 Reb8 27. a5 Re8 28. Re1 Bc8 29. Re3 Nb7 30. Nf5 Bxf5 31. gxf5 g5 32. Qh5 f6 33. Reh3 Re7 34. Qg4 Nxa5 35.
Rh6 Nb7 36. Qh3 Nc5 37. g3 a5 38. Kh2 b4 39. f4 exf4 40. gxf4 Nxe4 41. Re1 Rae8 42.
fxg5 Nxg5 43. Rxe7 Rxe7 44. Qh5 b3 45. Bd1 a4 0-1

[Event "Early-Titled-Tuesday-Blitz-May-14-2024"]
[Site "Chess.com"]
[Date "2024.05.14"]
[Round "2"]
[White "Flawless_Fighter"]
[Black "Shivananda1964"]
[Result "1-0"]
[WhiteElo "2703"]
[BlackElo "2396"]
[TimeControl "180+1"]
[EndTime "8:17:42 PDT"]
[Termination "Flawless_Fighter won by resignation"]

1. h4 d5 2. h5 h6 3. d4 Bf5 4. Nf3 Nf6 5. Bf4 e6 6. e3 c5 7. Bd3 Bg4 8. c3 Nc6 9. Nbd2 Bd6 10. Bxd6 Qxd6 11. dxc5 Qxc5 12. Qb3 e5 13. Bb5 Qd6 14. c4 d4 15. exd4 exd4 16. O-O O-O 17. Rfe1 Bxh5 18. Rac1 Rad8 19. c5 Qf4 20. Bc4 Na5 21. Qb4 Nxc4 22. Rxc4 Ng4 23. Rxd4 Rxd4 24. Qxd4 Qc7 25. Qd6 Qxd6 26. cxd6 Rd8 27. Ne4 Nf6 28. Nxf6+ gxf6 29. Nd4 Rxd6 30. Re8+ Kh7 31. Nf5 Re6 32. Rb8 Bg6 33. Ne3 Rb6 34. b3 a6 35. Nc4 Rb5 36.
Nd6 Rd5 37. Ne8 f5 38. Nf6+ 1-0

[Event "Early-Titled-Tuesday-Blitz-May-14-2024"]
[Site "Chess.com"]
[Date "2024.05.14"]
[Round "2"]
[White "kinga2008"]
[Black "GMG"]
[Result "0-1"]
[WhiteElo "2521"]
[BlackElo "2775"]
[TimeControl "180+1"]
[EndTime "8:17:44 PDT"]
[Termination "GMG won by checkmate"]

1. e4 c5 2. Nf3 Nc6 3. d4 cxd4 4. Nxd4 Nf6 5. Nc3 e5 6. Nxc6 bxc6 7. Bg5 Rb8 8. Qc1 d5 9. exd5 cxd5 10. Bb5+ Rxb5 11. Nxb5 Qa5+ 12. Nc3 d4 13. Bd2 dxc3 14. Bxc3 Bb4 15. Bxb4 Qxb4+ 16. c3 Qg4 17. Qe3 O-O 18.
O-O Nd5 19. Qxe5 Nf4 20. g3 Nh3+ 21. Kg2 Ng5 22. Qe3 h6 23. f3 Bb7 24. Rad1 Qh3+ 25.
Kg1 f5 26. Rd7 Bxf3 27. Rxf3 f4 28. Rxg7+ Kxg7 29. Qe5+ Kg6 30. Rxf4 Nf3+ 31. Rxf3 Rxf3 32. Qe8+ Kg7 33. Qe5+ Rf6 34. Qe7+ Rf7 35. Qe5+ Kh7 36. Qe2 Qf5 37. Qd2 Qf1# 0-1

[Event "Early-Titled-Tuesday-Blitz-May-14-2024"]
[Site "Chess.com"]
[Date "2024.05.14"]
[Round "2"]
[White "Pragmatist237"]
[Black "Jesseinkman"]
[Result "0-1"]
[WhiteElo "2266"]
[BlackElo "2522"]
[TimeControl "180+1"]
[EndTime "8:17:44 PDT"]
[Termination "Jesseinkman won by checkmate"]

1. c4 e5 2. g3 Nc6 3. Bg2 Nf6 4. Nc3 Bc5 5. e3 d6 6. Nge2 a6 7. O-O Ba7 8. d4 O-O 9. b3 Bf5 10. Bb2 Re8 11. Nd5 Nxd5 12. cxd5 Nb8 13. dxe5 dxe5 14. d6 c6 15. Nc3 Nd7 16. Qd2 Nf6 17. Rad1 Qd7 18.
Na4 Bh3 19. Ba3 c5 20. Nxc5 Bxc5 21. Bxh3 Qxh3 22. Bxc5 h5 23. f3 e4 24. Qg2 Qd7 25. Rd4 Rac8 26. Ba3 exf3 27. Qxf3 Rc2 28. Rf2 Rec8 29.
e4 Ng4 30. Rfd2 Ne5 31. Qf2 Rxd2 32. Rxd2 Qg4 33. Kg2 Qxe4+ 34. Kg1 Nf3+ 35. Kf1 Nxd2+ 36. Qxd2 Rc2 37. Qg5 Qe2+ 38. Kg1 Qg2# 0-1